 Dungeon Crawl Stone Soup version 0.20.0-15-g7f486f2 (webtiles) character file.

202 Jannitor the Chopper (level 5, -6/36 HPs)
             Began as an Octopode Fighter on June 11, 2017.
             Mangled by a phantom (7 damage)
             ... on level 6 of the Dungeon.
             The game lasted 00:02:50 (2370 turns).

Jannitor the Chopper (Octopode Fighter)             Turns: 2370, Time: 00:02:51

Health: -6/36      AC:  1    Str: 21    XL:     5   Next: 80%
Magic:  5/5        EV: 12    Int: 10    God:
Gold:   100        SH:  9    Dex: 12    Spells: 4/4 levels left

rFire    . . .     SeeInvis .   a - +0 war axe
rCold    . . .     Gourm    .   b - +0 shield
rNeg     . . .     Faith    .   (helmet restricted)
rPois    .         Spirit   .   (no amulet)
rElec    .         Reflect  .   (no ring)
rCorr    .         Harm     .   (no ring)
MR       .....                  (no ring)
Stlth    +.........             (no ring)
Regen    0.2/turn               (no ring)
MPRegen  0.1/turn               (no ring)
                                (no ring)
                                (no ring)

@: mighty, glowing
A: almost no armour, stealthy swim, amphibious, 8 rings, constrict 8, camouflage
1, gelatinous body 1
a: no special abilities


You were on level 6 of the Dungeon.
You were not hungry.

You visited 1 branch of the dungeon, and saw 4 of its levels.

You collected 100 gold pieces.

Inventory:

Hand Weapons
 a - a +0 war axe (weapon)
Armour
 b - a +0 shield (worn)
Jewellery
 n - an uncursed ring of flight {unknown}
Wands
 q - a wand of confusion (30/48)
Scrolls
 e - 2 scrolls of random uselessness {unknown}
 g - 3 scrolls of recharging {unknown}
 h - 4 scrolls of magic mapping {unknown}
 i - a scroll of identify {unknown}
 m - a scroll of fog {unknown}
Potions
 c - a potion of might
 k - a potion of mutation {unknown}
 l - 2 potions of curing
 p - a potion of brilliance {unknown}
 s - a potion of heal wounds {unknown}
 u - a potion of berserk rage {unknown}
Books
 r - a book of Minor Magic

   Spells                             Type                      Level
   a - Magic Dart                     Conjuration                  1
   b - Blink                          Translocation                2
   c - Call Imp                       Summoning                    2
   d - Slow                           Hexes                        2
   e - Conjure Flame                  Conjuration/Fire             3
   f - Mephitic Cloud                 Conjuration/Poison/Air       3
Comestibles
 d - 3 bread rations
 j - 2 royal jellies
 o - a meat ration


   Skills:
 + Level 3.2 Fighting
 * Level 4.3 Axes
 + Level 3.5 Dodging
 + Level 2.3 Stealth
 + Level 3.8 Shields


You had 4 spell levels left.
You didn't know any spells.

Dungeon Overview and Level Annotations

Branches:
Dungeon (3/15)

Altars:
Elyvilon
Kikubaaqudgha

Annotations:
D:6 Duvessa


Innate Abilities, Weirdness & Mutations

You cannot wear most types of armour.
You are very stealthy in the water. (Stealth+)
You are amphibious.
You can wear up to eight rings at the same time.
You can use your tentacles to constrict eight enemies at once.
Your skin changes colour to match your surroundings (Stealth+).
Your rubbery body absorbs attacks. (AC +1, EV +1)


Message History

You hear a distant scream of rage.
Your Axes skill increases to level 4!
No target in view!
Things that are here:
a dagger; a robe Duvessa shouts!
Duvessa goes berserk!
Duvessa closely misses you.
You hit Duvessa. You grab Duvessa. You squeeze Duvessa!
Duvessa is moderately wounded.
You constrict Duvessa. Duvessa hits you with a rapier!!
Ouch! That really hurt!
Duvessa hits you with a rapier!
* * * LOW HITPOINT WARNING * * *
Unknown command.
You slash Duvessa! You squeeze Duvessa.
Duvessa is severely wounded.
You constrict Duvessa, but do no damage.
Duvessa closely misses you. The phantom hits you!
You die...

###### #..).# ######
#.##.# ......##
#@##.###......
#...We##.#.#.#...
.........#.#...... #
.##.#.(..#.#.#.#.#.#
# .....#.#.#.#.#.##
###...#..........#
....###.......##
....# #.....).#
....# #....#.##


You could see a phantom and Duvessa (berserk).

Vanquished Creatures
  Dowan (D:6)
  A centaur skeleton (D:6)
  An adder (D:2)
  3 oozes
  4 worms
  2 dart slugs
  2 leopard geckos
  A ball python (D:2)
  5 giant cockroaches
  13 goblins
  12 hobgoblins
  8 jackals
  7 kobolds
  A quokka (D:3)
  8 bats
  4 frilled lizards
  4 rats
77 creatures vanquished.

Notes
Turn   | Place    | Note
-------+----------+-------------------------------------------
     0 | D:1      | Jannitor the Octopode Fighter began the quest for the Orb.
     0 | D:1      | Reached XP level 1. HP: 16/16 MP: 1/1
    60 | D:1      | Reached XP level 2. HP: 17/21 MP: 2/2
   343 | D:1      | Reached skill level 1 in Stealth
   349 | D:1      | Reached XP level 3. HP: 26/26 MP: 3/3
   927 | D:2      | Reached XP level 4. HP: 31/31 MP: 4/4
   971 | D:2      | Reached skill level 3 in Axes
  1700 | D:2      | Found an ancient bone altar of Kikubaaqudgha.
  1700 | D:2      | Found a white marble altar of Elyvilon.
  2037 | D:3      | Reached XP level 5. HP: 36/36 MP: 5/5
  2268 | D:3      | You fall through a shaft for 3 floors!
  2316 | D:6      | Noticed Dowan
  2317 | D:6      | Noticed Duvessa
  2364 | D:6      | Killed Dowan
  2364 | D:6      | Reached skill level 4 in Axes
  2369 | D:6      | HP: 1/36 [Duvessa/rapier (13)]
  2370 | D:6      | Mangled by a phantom

Skill      XL: |  1  2  3  4  5 |
---------------+----------------+-----
Stealth        | 1 2 |  2.3
Axes           | 3 4 |  4.3
Fighting       | |  3.2
Dodging        | |  3.5
Shields        | |  3.8

Action                   |  1- 3 |  4- 6 || total
-------------------------+-------+-------++-------
Melee: War axe           |    80 |    75 ||   155
       Tentacles         |    10 |    13 ||    23
       Constrict         |    12 |    19 ||    31
  Use: Potion            |       |     3 ||     3
 Stab: Sleeping          |    10 |     2 ||    12
  Eat: Chunk             |       |     5 ||     5
Armor: Skin              |    11 |     9 ||    20
Dodge: Dodged            |    57 |    30 ||    87
Block: Shield            |    41 |    30 ||    71
